 Dungeon Crawl Stone Soup version 0.28.0-47-ge53b351184 (webtiles) character file.

Game seed: 2162927474582616457

1 klau3 the Grave Robber (level 1, 0/13 HPs)
             Began as a Demonspawn Necromancer on May 6, 2022.
             Slain by a quokka (2 damage)
             ... on level 1 of the Dungeon.
             The game lasted 00:01:27 (225 turns).

klau3 the Grave Robber (Demonspawn Necromancer)      Turns: 225, Time: 00:01:27

Health: 0/13       AC:  9    Str:  8    XL:     1   Next: 16%
Magic:  1/3        EV:  3    Int: 16    God:
Gold:   14         SH:  0    Dex: 13    Spells: 3/4 levels left

rFire   . . .      SeeInvis .   (no weapon)
rCold   . . .      Faith    .   (no shield)
rNeg    . . .      Spirit   .   e - +0 chain mail
rPois   .          Reflect  .   (no helmet)
rElec   .          Harm     .   c - +0 cloak
rCorr   .          Rampage  .   (no gloves)
Will    .....                   (no boots)
Stlth   ..........              (no amulet)
HPRegen 0.04/turn               (no ring)
MPRegen 0.08/turn               (no ring)

@: very slightly contaminated
A: no striking features
a: no special abilities


You were on level 1 of the Dungeon.
You visited 1 branch of the dungeon, and saw 2 of its levels.

You collected 14 gold pieces.

Inventory:

Missiles
 d - a throwing net
Armour
 a - a +0 robe
 c - a +0 cloak (worn)
 e - a +0 chain mail (worn)
Scrolls
 b - a scroll of holy word {unknown}


   Skills:
 + Level 1.7 Dodging
 + Level 1.7 Stealth
 + Level 2.0 Spellcasting
 + Level 4.4 Necromancy


You had 3 spell levels left.
You knew the following spells:

 Your Spells              Type           Power      Damage    Failure   Level
a - Pain                  Necr           60%        1d7       100%        1

Your spell library contained the following spells:

 Spells                   Type           Power      Damage    Failure   Level
 Animate Skeleton         Necr           30%        N/A       100%        1
 Vampiric Draining        Necr           15%        2d7       100%        3
 Animate Dead             Necr           7%         N/A       100%        4
 Agony                    Necr           15%        N/A       100%        5


Dungeon Overview and Level Annotations

Branches:
Dungeon (2/15)

Altars:


Message History

You miscast Pain.
You are very lightly contaminated with residual magic.
Nothing appears to happen.
Aiming: Pain (safe; 100% risk of failure)
Press: ? - help, Q - select action, (/) - cycle Shift-Dir - straight line, f/p - quokka
Aim: a quokka (chance to affect: 85%)
You miscast Pain.
Nothing appears to happen.
Aiming: Pain (safe; 100% risk of failure)
Press: ? - help, Q - select action, (/) - cycle Shift-Dir - straight line, f/p - quokka
Aim: a quokka (chance to affect: 85%)
You miscast Pain.
Nothing appears to happen.
You don't have enough magic to cast this spell.
You barely miss the quokka. The quokka bites you.
You hit the quokka but do no damage. The quokka bites you.
The quokka bites you but does no damage.
You closely miss the quokka.
The quokka bites you but does no damage.
You barely miss the quokka.
The quokka bites you but does no damage.
You barely miss the quokka. The quokka bites you.
You closely miss the quokka. The quokka bites you.
You closely miss the quokka. The quokka bites you.
The quokka bites you but does no damage.
You closely miss the quokka.
The quokka bites you but does no damage.
You hit the quokka but do no damage.
The quokka bites you but does no damage.
You hit the quokka but do no damage.
The quokka bites you but does no damage.
You barely miss the quokka.
The quokka bites you but does no damage.
You closely miss the quokka.
The quokka bites you but does no damage. x2
You barely miss the quokka. The quokka bites you.
* * * LOW HITPOINT WARNING * * *
You hit the quokka but do no damage. The quokka barely misses you.
You hit the quokka but do no damage.
The quokka bites you but does no damage.
You hit the quokka but do no damage. The quokka bites you.
You die...

### #.###
#...#
#.#.#####
#.#...@.#
######.#####r#
#....#...# #.#
#.##.###.# #.#
#.#....#.# #.#
#....#.#.# #.#
#.#......# #.#
###.#..### #.#
#...#..#


You could see a quokka.

Vanquished Creatures
  A ball python (D:2)
  A rat (D:2)
2 creatures vanquished.

Notes
Turn   | Place    | Note
-------+----------+-------------------------------------------
     0 | D:1      | klau3 the Demonspawn Necromancer began the quest for the
                  | Orb.
     0 | D:1      | Reached XP level 1. HP: 13/13 MP: 3/3
     8 | D:1      | You fall into a shaft and drop 1 floor!
   225 | D:1      | Slain by a quokka

Illustrated notes

Levels and vault maps discovered:
D:1:      heliophobic_arrival_ceremonial_halls, layout_basic,
          minmay_misc_feat_diagonals, chequers_serial_rivers_micro_a,
          minmay_misc_feat_enclosed
D:2:      layout_basic, nrook_uturn

Action                   || total
-------------------------++-------
Melee: Unarmed           ||    16
 Cast: Pain              ||     3
Armor: Chain mail        ||    11
Dodge: Dodged            ||     1
